 Dungeon Crawl Stone Soup version 0.29-a0-1009-g60c99734e7 (webtiles) character file.

Game seed: 17049156776913198257

2099 ragingrage the Cleaver (level 9, 0/43 HPs)
             Began as a Vine Stalker Chaos Knight on Aug 8, 2022.
             Was a Plaything of Xom.
             Succumbed to a killer bee's poison
             ... on level 7 of the Dungeon.
             The game lasted 00:09:34 (4916 turns).

ragingrage the Cleaver (Vine Stalker Chaos Knight)  Turns: 4916, Time: 00:09:34

Health: 0/43       AC:  9    Str: 19    XL:     9   Next: 28%
Magic:  4/10       EV: 10    Int: 12    God:    Xom [.*....]
Gold:   313        SH:  0    Dex: 20    Spells: 8/8 levels left

rFire   . . .      SeeInvis .   y - +3 war axe
rCold   . . .      Faith    .   (no shield)
rNeg    . . .      Spirit   +   x - +3 ring mail
rPois   .          Reflect  .   (no helmet)
rElec   .          Harm     .   (no cloak)
rCorr   .          Rampage  .   (no gloves)
Will    +....                   b - +0 pair of boots
Stlth   +.........              (no amulet)
HPRegen 0.94/turn               B - +6 ring of dexterity
MPRegen 0.12/turn               (no ring)

@: lethally poisoned (0 -> -1), on berserk cooldown, slowed, very slow
A: fangs 3, regeneration 1, magic shield, antimagic bite, no potion heal 2
a: Renounce Religion


You were on level 7 of the Dungeon.
You worshipped Xom.
You were a plaything of Xom.
You visited 1 branch of the dungeon, and saw 8 of its levels.

You collected 313 gold pieces.

Inventory:

Hand Weapons
 y - a +3 war axe (weapon)
Missiles
 e - 24 poisoned darts (quivered)
Armour
 b - a +0 pair of boots (worn)
 x - a +3 ring mail (worn)
Jewellery
 B - a +6 ring of dexterity (left hand)
Wands
 m - a wand of digging (8)
 q - a wand of flame (17)
 w - a wand of quicksilver (9)
 A - a wand of roots (9)
Scrolls
 g - 3 scrolls of teleportation
 h - a scroll of brand weapon {unknown}
 l - 4 scrolls of enchant weapon
 n - 3 scrolls of noise
 p - 2 scrolls of summoning
 s - a scroll of blinking {unknown}
 u - 2 scrolls of enchant armour {unknown}
Potions
 a - a potion of lignification {unknown}
 d - 2 potions of magic
 f - a potion of invisibility {unknown}
 i - a potion of heal wounds {unknown}
 j - a potion of degeneration {unknown}
 k - 2 potions of flight
 t - 3 potions of ambrosia
 v - a potion of curing {unknown}
 z - a potion of might {unknown}
Miscellaneous
 c - a piece from Xom's chessboard (14/15)


   Skills:
 - Level 2.7 Fighting
 + Level 11.3 Axes
 - Level 1.5 Armour
 - Level 0.7 Dodging


You had 8 spell levels left.
You didn't know any spells.
Your spell library contained the following spells:

 Spells                   Type           Power      Damage    Failure   Level
 Call Canine Familiar     Summ           0%         N/A       86%         3
 Portal Projectile        Hex/Tloc       0%         N/A       86%         3
 Leda's Liquefaction      Hex/Erth       0%         N/A       99%         4
 Summon Forest            Summ/Tloc      0%         N/A       100%        5
 Eringya's Noxious Bog    Tmut/Pois      0%         N/A       100%        6
 Summon Hydra             Summ           0%         N/A       100%        7


Dungeon Overview and Level Annotations

Branches:
Dungeon (8/15)             Temple (0/1) D:4
   Lair: D:8-11

Altars:
Ru
Sif Muna
Uskayaw
Xom

Shops:
D:4 :

Annotations:
D:4 1 runed translucent door, Crazy Yiuf
D:5 2 transporters


Innate Abilities, Weirdness & Mutations

You have razor-sharp teeth.
Your natural rate of healing is unusually fast.
When hurt, damage is shared between your health and your magic reserves.
Your bite disrupts and absorbs the magic of your enemies.
Potions cannot restore your health.


Message History

The killer bee barely misses you.
You barely miss the killer bee. Your bite misses the killer bee.
The killer bee barely misses you.
You slash the killer bee!
The killer bee is almost dead.
You feel sick.
The killer bee stings you but does no damage.
You barely miss the killer bee. Your bite misses the killer bee.
The killer bee is almost dead.
You feel sick. The killer bee stings you.
* * * LOW HITPOINT WARNING * * *
You are more poisoned.
The killer bee poisons you!
You closely miss the killer bee. You bite the killer bee.
You kill the killer bee!
You feel sick. The killer bee stings you.
* * * LOW HITPOINT WARNING * * *
You closely miss the killer bee.
You feel sick. The killer bee stings you.
* * * LOW HITPOINT WARNING * * *
You slash the killer bee! You bite the killer bee. You drain its power.
You feel invigorated.
The killer bee is severely wounded.
You feel sick.
The killer bee stings you but does no damage.
You are too berserk!
You barely miss the killer bee.
The killer bee is severely wounded.
You feel sick. The killer bee closely misses you.
You barely miss the killer bee. Your punch misses the killer bee.
Your bite misses the killer bee.
The killer bee is severely wounded.
You feel sick. The killer bee closely misses you. The killer bee stings you.
* * * LOW HITPOINT WARNING * * *
You slash the killer bee!
You kill the killer bee!
You are no longer berserk.
You are exhausted.
You feel yourself slow down.
You die...
Xom guffaws!

,,,,,,,,,#.##***********,*
,,,,,,,,,....,,,,,,,,* *,*
,,,,*,***#..,*,,,,,,,***,*
,,,,*,,,,...,,,,,,,,,,**,*
,,,,***###y#,,,,,*,,,,**,*
,,,,*,,,...#,#####,,,,,.,*
,,<,*,####'#......,,,...,*
*****,#.....#######.....,*
*,#..<..+...@†....#*,*
*****,#.....#...####..#*,*******
,,,,,,#.....#.).# *,,,,,,,,,,,**
****###.....#>..# *,*,,,*****,,,
* *........#...# *,*,,,,,,,*,**
*##*,.......#...# *,*,,****,*,,,
,.........+##...####,*,,,,,*,,,**
**#.#####..#.........*,,,*,*,,**,
,,,....##..#.########*,,,*,,,,*,,


There were no monsters in sight!

Vanquished Creatures
  A manticore (D:7)
  A steam dragon (D:6)
  Duvessa (D:5)
  An orc warrior (D:6)
  An ice beast (D:6)
  An ogre (D:7)
  2 necrophages
  2 bullfrogs
  3 scorpions
  7 killer bees (D:7)
  2 jellies
  A hound (D:4)
  An orc wizard (D:6)
  An iguana (D:5)
  7 gnolls
  4 adders
  A river rat (D:5)
  A shadow imp (D:7)
  2 white imps (D:5)
  An ufetubus (D:4)
  5 worms
  9 orcs
  9 ball pythons
  4 endoplasms
  6 giant cockroaches
  4 goblins
  5 hobgoblins
  2 quokkas (D:2)
  A bat (D:1)
  5 frilled lizards
  9 kobolds
  6 rats
106 creatures vanquished.

Vanquished Creatures (collateral kills)
  A black bear (D:6)
  Dowan (D:5)
  A hound (D:5)
  2 river rats (D:5)
  2 orcs (D:6)
  A rat (D:5)
8 creatures vanquished.

Vanquished Creatures (others)
  3 fungi (D:4)
3 creatures vanquished.

Grand Total: 117 creatures vanquished

Notes
Turn   | Place    | Note
-------+----------+-------------------------------------------
     0 | D:1      | ragingrage the Vine Stalker Chaos Knight began the quest
                  | for the Orb.
     0 | D:1      | Reached XP level 1. HP: 11/11 MP: 2/2
     6 | D:1      | Noticed a hound
     6 | D:1      | Noticed a lindwurm
     6 | D:1      | Noticed a water moccasin
     7 | D:1      | Noticed a snapping turtle
     7 | D:1      | Noticed a redback
   145 | D:1      | Reached skill level 3 in Axes
   196 | D:1      | XOM: divination: magic mapping
   295 | D:1      | Reached XP level 2. HP: 16/16 MP: 3/3
   302 | D:1      | XOM: silly message
   904 | D:2      | XOM: stealth player
   917 | D:2      | XOM: divination: detect items
   922 | D:2      | Reached XP level 3. HP: 19/19 MP: 4/4
   944 | D:2      | Reached skill level 4 in Axes
  1232 | D:2      | XOM: silly message
  1581 | D:2      | XOM: divination: magic mapping
  1689 | D:2      | Gained mutation: Your natural rate of healing is unusually
                  | fast. [Vine Stalker growth]
  1689 | D:2      | Reached XP level 4. HP: 17/23 MP: 5/5
  1856 | D:2      | Found a faded altar of an unknown god.
  2027 | D:3      | XOM: silly message
  2140 | D:3      | Identified the +1 dagger "Vecoyma" {protect, *Noise Str+4
                  | Stlth+}
  2427 | D:4      | Reached skill level 5 in Axes
  2435 | D:4      | Found a staircase to the Ecumenical Temple.
  2529 | D:4      | Reached XP level 5. HP: 27/27 MP: 4/6
  2531 | D:4      | XOM: potion effect (might)
  2655 | D:4      | Noticed a +0 short sword
  2660 | D:4      | Found a hide-covered altar of Uskayaw.
  2660 | D:4      | Noticed a +0 dagger
  2660 | D:4      | Noticed a +0 spear
  2661 | D:4      | Noticed a +0 dagger
  2662 | D:4      | Noticed a +0 falchion
  2668 | D:4      | Noticed a +0 spear
  2669 | D:4      | Noticed a +0 short sword
  2669 | D:4      | Noticed a +0 falchion
  2698 | D:4      | Found Azxiatia's Tremendous Tomes.
  2793 | D:4      | Found a shimmering blue altar of Sif Muna.
  3023 | D:4      | Found a runed translucent door.
  3024 | D:4      | Noticed Crazy Yiuf
  3067 | D:5      | Entered Level 5 of the Dungeon
  3076 | D:5      | Reached skill level 6 in Axes
  3076 | D:5      | Reached XP level 6. HP: 19/32 MP: 4/7
  3185 | D:5      | Found a transporter.
  3186 | D:5      | Noticed a kobold demonologist
  3209 | D:5      | Noticed Dowan
  3222 | D:5      | XOM: cleaving
  3223 | D:5      | Found a transporter.
  3278 | D:5      | XOM: god gift: wand of flame (7)
  3387 | D:5      | Reached skill level 7 in Axes
  3387 | D:5      | Reached XP level 7. HP: 31/35 MP: 8/8
  3503 | D:5      | Noticed Duvessa
  3512 | D:5      | Killed Duvessa
  3521 | D:5      | Killed Dowan
  3527 | D:5      | Reached skill level 8 in Axes
  3666 | D:5      | Found a glowing drain.
  3853 | D:5      | XOM: scenery: create altars
  4185 | D:6      | Gained mutation: You have razor-sharp teeth. [Vine Stalker
                  | growth]
  4185 | D:6      | Reached XP level 8. HP: 37/39 MP: 9/9
  4290 | D:6      | XOM: summons 2 friendly demons
  4294 | D:6      | Reached skill level 9 in Axes
  4304 | D:6      | Found a sacrificial altar of Ru.
  4359 | D:6      | XOM: summons 4 hostile shadow creatures
  4504 | D:6      | XOM: butterfly on damage
  4627 | D:7      | Reached skill level 10 in Axes
  4728 | D:7      | Noticed a manticore
  4736 | D:7      | Killed a manticore
  4737 | D:7      | Reached skill level 11 in Axes
  4737 | D:7      | Reached XP level 9. HP: 3/43 MP: 1/10
  4854 | D:8      | Noticed a two-headed ogre
  4902 | D:7      | XOM: scenery: 1 doors close
  4912 | D:7      | HP: 3/64 [killer bee (2)]
  4915 | D:7      | HP: 1/64 [killer bee (1)]
  4916 | D:7      | Succumbed to a killer bee's poison

Illustrated notes

Levels and vault maps discovered:
D:1:      onia_arrival_zoo_common, layout_basic, hangedman_decor_growths
D:2:      layout_basic, ebering_ecumenical_altar_webs, roderic_serpentine_path,
          minmay_pentomino_t4
D:3:      layout_rooms
D:4:      layout_cave_pools, lemuel_blue_sif_altar, nicolae_uskayaw_en_pointe,
          minmay_temple_entry_statues_pillars, nicolae_shop_i_like_big_books,
          uniq_crazy_yiuf_cottage
D:5:      gammafunk_wand_slinger, layout_loops_cross, lightli_sewer_entry_pipes,
          minmay_circle_x, uniq_duvessa
D:6:      layout_cave_pools, nicolae_ru_sacrificial_ziggurat
D:7:      layout_basic, nemelex_dance_club_becter, minmay_the_grid_2x2
          [minmay_the_grid_minigrid_medium, minmay_the_grid_paths,
          minmay_the_grid_aliased_spiral, minmay_the_grid_prize_trominoes],
          uniq_menkaure, uniq_maggie
D:8:      layout_cave_pods, cheibrodos_worm_habitat, serial_bayou,
          serial_bayou_lake_a, serial_bayou_shore_b, serial_bayou_pond_b,
          serial_bayou_pond_e, serial_bayou_pond_b, serial_bayou_crossing,
          enter_bailey_5

Skill      XL: |  1  2  3  4  5  6  7  8 |
---------------+-------------------------+-----
Axes           | 3 4 5 6 7 8 11 | 11.3
Fighting       | |  2.7
Armour         | |  1.5
Dodging        | |  0.7

Action                   |  1- 3 |  4- 6 |  7- 9 || total
-------------------------+-------+-------+-------++-------
Melee: Hand axe          |    91 |    99 |    48 ||   238
       Bite              |    18 |    30 |    39 ||    87
       War axe           |       |       |   113 ||   113
       Punch             |       |       |     5 ||     5
Throw: Dart              |       |     4 |     2 ||     6
Evoke: Wand              |       |     3 |     1 ||     4
       Piece from Xom's  |       |       |     1 ||     1
  Use: Scroll            |       |       |     9 ||     9
       Potion            |       |       |     1 ||     1
 Stab: Paralysed         |     1 |       |       ||     1
Armor: Leather armour    |    34 |    15 |       ||    49
       Ring mail         |       |    10 |    61 ||    71
Dodge: Dodged            |    48 |    50 |    67 ||   165

Table legend: (Time is in decaauts)
 A = Elapsed time spent in this place.
 B = Non-inter-level travel time spent in this place.
 C = Inter-level travel time spent in this place.
 D = Time resting spent in this place.
 E = Time spent auto-exploring this place.
 F = Levels seen in this place.
 G = Mean time per level.
                   A        B        C        D        E       F      G
               +--------+--------+--------+--------+--------+-----+--------+
         Total |   4973 |   4750 |    223 |    110 |   3437 |   8 |  621.6 |
       Dungeon |   4973 |   4750 |    223 |    110 |   3437 |   8 |  621.6 |
               +--------+--------+--------+--------+--------+-----+--------+

Top non-repeatable levels by time:
     D:2: 1048 daAuts
     D:5: 1026 daAuts
     D:1: 910 daAuts
     D:4: 690 daAuts
     D:6: 565 daAuts
     D:3: 431 daAuts
     D:7: 272 daAuts
     D:8: 26 daAuts
